 Dungeon Crawl Stone Soup version 0.25.0-1-g7eea58d2a3 (console) character file.

Game seed: 16355809927012239875

35 bli the Skirmisher (level 3, -3/29 HPs)
             Began as a Formicid Abyssal Knight on June 14, 2020.
             Was a Follower of Lugonu.
             Slain by an adder (5 damage)
             ... on level 2 of the Dungeon.
             The game lasted 00:05:15 (1082 turns).

bli the Skirmisher (Formicid Abyssal Knight)        Turns: 1082, Time: 00:05:15

Health: -3/29      AC:  3    Str: 16    XL:     3   Next: 52%
Magic:  4/4        EV: 11    Int: 11    God:    Lugonu [*.....]
Gold:   152        SH:  0    Dex: 11    Spells: 2/2 levels left

rFire    . . .     SeeInvis +   a - +1 falchion
rCold    . . .     Gourm    .   (no shield)
rNeg     . . .     Faith    .   b - +0 leather armour
rPois    .         Spirit   .   (helmet unavailable)
rElec    .         Reflect  .   (no cloak)
rCorr    .         Harm     .   (no gloves)
MR       .....                  (no boots)
Stlth    +.........             (no amulet)
HPRegen  0.09/turn              (no ring)
MPRegen  0.09/turn              (no ring)

@: lethally poisoned (-3 -> -9), flying
A: permanent stasis, dig shafts and tunnels, four strong arms, antennae 3
a: Dig, Shaft Self, Depart the Abyss, Renounce Religion


You were on level 2 of the Dungeon.
You worshipped Lugonu.
Lugonu was aware of your devotion.
You were not hungry.

You visited 1 branch of the dungeon, and saw 2 of its levels.
You visited the Abyss 1 time.

You collected 152 gold pieces.

Inventory:

Hand Weapons
 a - a +1 falchion (weapon)
Missiles
 g - 33 stones (quivered)
Armour
 b - a +0 leather armour (worn)
Jewellery
 j - a cursed amulet of guardian spirit {unknown}
Scrolls
 e - a scroll of remove curse {unknown}
 k - a scroll of magic mapping {unknown}
 l - a scroll of random uselessness {unknown}
 m - 3 scrolls of amnesia {unknown}
 o - 2 scrolls of identify {unknown}
 p - 3 scrolls of enchant armour {unknown}
 q - a scroll of teleportation {unknown}
 r - a scroll of immolation {unknown}
Potions
 d - a potion of heal wounds {unknown}
 h - a potion of invisibility {unknown}
 i - a potion of flight
 n - a potion of curing {unknown}
Comestibles
 c - a ration
 f - 5 chunks of flesh


   Skills:
 + Level 3.4 Fighting
 * Level 3.1 Long Blades
 + Level 2.6 Armour
 + Level 1.0 Dodging
 - Level 2.1 Invocations


You had 2 spell levels left.
You didn't know any spells.
Your spell library was empty.

Dungeon Overview and Level Annotations

Branches:
Dungeon (2/15)

Altars:
Qazlal
The Shining One


Innate Abilities, Weirdness & Mutations

You cannot be hasted, slowed, berserked, paralysed or teleported.
You can dig through walls and to a lower floor.
Your four strong arms can wield two-handed weapons with a shield.
You have a pair of large antennae on your head. (SInv)


Message History

You feel sick. The adder bites you but does no damage.
You barely miss the adder.
The adder is severely wounded.
The adder barely misses you.
You miss the adder.
The adder is severely wounded.
You feel sick. The adder bites you.
* * * LOW HITPOINT WARNING * * *
You are lethally poisoned!
The adder poisons you! The adder bites you.
* * * LOW HITPOINT WARNING * * *
You completely miss the adder.
The adder is severely wounded.
The adder bites you but does no damage.
It was a potion of flight.
You feel very buoyant.
You fly up into the air.
* * * LOW HITPOINT WARNING * * *
You feel sick. The adder barely misses you. The adder bites you.
You die...

#. ##.# ## $... .# ###
# ###.### ..... .
##.....##.#.##..
#.#.......#.....
##.#.......#S.#
#......_...@.#
#.......#.#
#.......#.#
##.....##.## #.#
..####.####..# #.#
#.............####.###
#.###................#
.....#######.####.#.#
####.#... #.# #.#.#
#.#.... #.####.#<####
# #.....#...........#


You could see an adder.

Vanquished Creatures
  2 worms (D:2)
  3 dart slugs (D:1)
  2 bats (D:1)
  2 giant cockroaches (D:1)
  4 goblins (D:1)
  3 hobgoblins (D:1)
  2 frilled lizards
  3 kobolds (D:1)
  2 rats (D:1)
23 creatures vanquished.

Notes
Turn   | Place    | Note
-------+----------+-------------------------------------------
     0 | Abyss:1  | bli the Formicid Abyssal Knight began the quest for the
                  | Orb.
     0 | Abyss:1  | Reached XP level 1. HP: 18/18 MP: 2/2
    61 | Abyss:2  | Found a corrupted altar of Lugonu.
    69 | Abyss:2  | Noticed a quasit
    75 | Abyss:2  | Noticed a small abomination
    76 | D:1      | Escaped the Abyss
   193 | D:1      | Reached XP level 2. HP: 23/24 MP: 3/3
   435 | D:1      | Reached skill level 1 in Dodging
   586 | D:1      | Reached * piety under Lugonu
   719 | D:1      | Reached XP level 3. HP: 29/29 MP: 4/4
   766 | D:1      | Found a glowing golden altar of the Shining One.
  1061 | D:2      | Found a stormy altar of Qazlal.
  1082 | D:2      | Slain by an adder

Illustrated notes

Levels and vault maps discovered:
D:1:      dpeg_arrival_rooms_c, layout_basic, tso_altar
D:2:      layout_loops_corners, lemuel_zombie_altar_kikubaaqudgha,
          old_standard_altar, chequers_ecumenical_altar_simple

Skill      XL: |  1  2  3 |
---------------+----------+-----
Dodging        | 1 |  1.0
Long Blades    | 3 |  3.1
Fighting       | |  3.4
Armour         | |  2.6
Invocations    | |  2.1

Action                   || total
-------------------------++-------
Melee: Falchion          ||    81
Invok: Depart the Abyss  ||     1
 Abil: Dig               ||     2
  Use: Potion            ||     1
  Eat: Chunk             ||     1
Armor: Leather armour    ||    24
Dodge: Dodged            ||    46
       Rpst.: Falchion   ||    11
